Workbook

Sheet FOURNITURES
A1: PLAN DE PASSATION DES MARCHES
B3: Autorité contractante : | C3: Ministère de l'Environnement et du Développement Durable
B4: Exercice budgétaire: | C4: 2026
B5: Ordonnateur: | C5: Ministre
B6: Journaux de publication de référence et site Internet: | C6: Horoyah, République et Souverain
B7: Autorité approbatrice: | C7: DGCMP
A10: MARCHES DE FOURNITURES SANS PRE QUALIFICATION
J11: 12 | K11: 3 | L11: 30 | M11: 15 | N11: 12 | O11: 15 | P11: 7 | Q11: 12 | S11: 7 | T11: 10 | U11: 3 | V11: 5
A12: IDENTIFICATION DU PROJET / MARCHE | H12: Prévisions et Réalisations | I12: PHASE 1 : PROCEDURE D'APPEL D'OFFRES | M12: PHASE 2 : EVALUATION DES OFFRES | P12: PHASE 3 : CONCLUSION ET NOTIFICATION DU MARCHE | W12: PHASE 4 : EXECUTION DU MARCHE
A13: Numéro | B13: Intitulé du Projet/Marché | C13: Montant Budget GNF | D13: Code Budget | E13: Type de Financement | F13: N° Appel d'Offres | G13: Méthodes de passation | I13: Elaboration du DAO | J13: Non Objection sur DAO | K13: Publication AAO | L13: Date limite dépôt Offres /ouverture des plis | M13: Ouverture / Evaluation des offres | N13: Non Objection sur Rap. d'Evaluation | O13: Publication attribution/Notification provisoire | P13: Mise en forme du projet de contrat | Q13: Non Objection sur le projet de contrat | R13: Montant du Contrat en GNF | S13: Signature du marché | T13: Approbation du Contrat | U13: Enregistrement / Immatriculation du marché | V13: Notification du marché approuvé | W13: Date début travaux | X13: Date fin travaux
J14: 12 j | K14: 3 j | L14: 30 ou 45 j | M14: 15 j | N14: 12 j | O14: 15 J | P14: 7 j | Q14: 12 j | S14: 7 j | T14: 10 j | U14: 3 j | V14: 3 ou 5 j
A15: 1 | B15: Publicité au compte du Cabinet | D15: 31 | E15: BND | F15: 1 | G15: AON | H15: Prévisions | I15: 46097 | J15: =+I15+$J$11+2 -> 46111 | K15: =+J15+$K$11 -> 46114 | L15: =+K15+$L$11+2 -> 46146 | M15: =+L15+$M$11 -> 46161 | N15: =+M15+$N$11+1 -> 46174 | O15: =+N15+$O$11 -> 46189 | P15: =+O15+$P$11 -> 46196 | Q15: =+P15+$Q$11+1 -> 46209 | S15: =+Q15+$S$11 -> 46216 | T15: =+S15+$T$11 -> 46226 | U15: =+T15+$U$11+1 -> 46230 | V15: =+U15+$V$11+2 -> 46237
H16: Réalisations
A17: 2 | B17: Achat de fournitures et petits matériels de bureau au compte du Cabinet | D17: 31 | E17: BND | F17: 2 | G17: AON | H17: Prévisions | I17: 46097 | J17: =+I17+$J$11 -> 46109 | K17: =+J17+$K$11+2 -> 46114 | L17: =+K17+$L$11 -> 46144 | M17: =+L17+$M$11 -> 46159 | N17: =+M17+$N$11 -> 46171 | O17: =+N17+$O$11 -> 46186 | P17: =+O17+$P$11 -> 46193 | Q17: =+P17+$Q$11 -> 46205 | S17: =+Q17+$S$11 -> 46212 | T17: =+S17+$T$11 -> 46222 | U17: =+T17+$U$11+1 -> 46226 | V17: =+U17+$V$11+2 -> 46233
H18: Réalisations
A19: 3 | B19: Achat de produits spécifiques agriculture au compte du Programme d'Appui à la Vulnerabilite des Riverains et des Ressources Naturelles dû au Changement Climatique dans le Bassin Hydrographique de Konkouré | D19: 31 | E19: BND | F19: 3 | G19: AON | H19: Prévisions | I19: 46097 | J19: =+I19+$J$11 -> 46109 | K19: =+J19+$K$11+2 -> 46114 | L19: =+K19+$L$11 -> 46144 | M19: =+L19+$M$11 -> 46159 | N19: =+M19+$N$11 -> 46171 | O19: =+N19+$O$11 -> 46186 | P19: =+O19+$P$11 -> 46193 | Q19: =+P19+$Q$11 -> 46205 | S19: =+Q19+$S$11 -> 46212 | T19: =+S19+$T$11 -> 46222 | U19: =+T19+$U$11+1 -> 46226 | V19: =+U19+$V$11+2 -> 46233
H20: Réalisations
A21: 4 | B21: Achat de fournitures informatiques au compte du Cabinet | D21: 31 | E21: BND | F21: 4 | G21: AON | H21: Prévisions | I21: 46097 | J21: =+I21+$J$11 -> 46109 | K21: =+J21+$K$11+2 -> 46114 | L21: =+K21+$L$11 -> 46144 | M21: =+L21+$M$11 -> 46159 | N21: =+M21+$N$11 -> 46171 | O21: =+N21+$O$11 -> 46186 | P21: =+O21+$P$11 -> 46193 | Q21: =+P21+$Q$11 -> 46205 | S21: =+Q21+$S$11 -> 46212 | T21: =+S21+$T$11 -> 46222 | U21: =+T21+$U$11+1 -> 46226 | V21: =+U21+$V$11+2 -> 46233
H22: Réalisations
A23: 5 | B23: Achat de matériel informatique au compte du Cabinet | D23: 31 | E23: BND | F23: 5 | G23: AON | H23: Prévisions | I23: 46098 | J23: =+I23+$J$11 -> 46110 | K23: =+J23+$K$11 -> 46113 | L23: =+K23+$L$11+15+1 -> 46159 | M23: =+L23+$M$11 -> 46174 | N23: =+M23+$N$11+1 -> 46187 | O23: =+N23+$O$11 -> 46202 | P23: =+O23+$P$11 -> 46209 | Q23: =+P23+$Q$11+1 -> 46222 | S23: =+Q23+$S$11 -> 46229 | T23: =+S23+$T$11 -> 46239 | U23: =+T23+$U$11+1 -> 46243 | V23: =+U23+$V$11+2 -> 46250
H24: Réalisations
A25: 6 | B25: Achat de fournitures informatiques au compte du Cabinet | D25: 31 | E25: BND | F25: 6 | G25: AON | H25: Prévisions | I25: 46098 | J25: =+I25+$J$11 -> 46110 | K25: =+J25+$K$11+2 -> 46115 | L25: =+K25+$L$11 -> 46145 | M25: =+L25+$M$11 -> 46160 | N25: =+M25+$N$11 -> 46172 | O25: =+N25+$O$11 -> 46187 | P25: =+O25+$P$11 -> 46194 | Q25: =+P25+$Q$11 -> 46206 | S25: =+Q25+$S$11 -> 46213 | T25: =+S25+$T$11 -> 46223 | U25: =+T25+$U$11+1 -> 46227 | V25: =+U25+$V$11+2 -> 46234
H26: Réalisations
A27: 7 | B27: Achat de autres produits spécifiques au compte du Cabinet | D27: 31 | E27: BND | F27: 7 | G27: AON | H27: Prévisions | I27: 46098 | J27: =+I27+$J$11+2 -> 46112 | K27: =+J27+$K$11 -> 46115 | L27: =+K27+$L$11+2 -> 46147 | M27: =+L27+$M$11 -> 46162 | N27: =+M27+$N$11+1 -> 46175 | O27: =+N27+$O$11 -> 46190 | P27: =+O27+$P$11 -> 46197 | Q27: =+P27+$Q$11+1 -> 46210 | S27: =+Q27+$S$11 -> 46217 | T27: =+S27+$T$11 -> 46227 | U27: =+T27+$U$11+2 -> 46232 | V27: =+U27+$V$11+1 -> 46238
H28: Réalisations
A29: 8 | B29: Achat de matériel technique au compte du Cabinet | D29: 31 | E29: BND | F29: 8 | G29: AON | H29: Prévisions | I29: 46104 | J29: =+I29+$J$11 -> 46116 | K29: =+J29+$K$11 -> 46119 | L29: =+K29+$L$11+2 -> 46151 | M29: =+L29+$M$11 -> 46166 | N29: =+M29+$N$11+1 -> 46179 | O29: =+N29+$O$11 -> 46194 | P29: =+O29+$P$11 -> 46201 | Q29: =+P29+$Q$11+1 -> 46214 | S29: =+Q29+$S$11 -> 46221 | T29: =+S29+$T$11 -> 46231 | U29: =+T29+$U$11+1 -> 46235 | V29: =+U29+$V$11+2 -> 46242
H30: Réalisations
A31: 9 | B31: Abonnements au compte du Cabinet | D31: 31 | E31: BND | F31: 9 | G31: AON | H31: Prévisions | I31: 46104 | J31: =+I31+$J$11 -> 46116 | K31: =+J31+$K$11+2 -> 46121 | L31: =+K31+$L$11 -> 46151 | M31: =+L31+$M$11 -> 46166 | N31: =+M31+$N$11 -> 46178 | O31: =+N31+$O$11 -> 46193 | P31: =+O31+$P$11 -> 46200 | Q31: =+P31+$Q$11 -> 46212 | S31: =+Q31+$S$11 -> 46219 | T31: =+S31+$T$11 -> 46229 | U31: =+T31+$U$11+1 -> 46233 | V31: =+U31+$V$11+2 -> 46240
H32: Réalisations
A33: 10 | B33: Consommation électricité au compte du Cabinet | D33: 31 | E33: BND | F33: 10 | G33: AON | H33: Prévisions | I33: 46104 | J33: =+I33+$J$11 -> 46116 | K33: =+J33+$K$11 -> 46119 | L33: =+K33+$L$11+2 -> 46151 | M33: =+L33+$M$11 -> 46166 | N33: =+M33+$N$11+1 -> 46179 | O33: =+N33+$O$11 -> 46194 | P33: =+O33+$P$11 -> 46201 | Q33: =+P33+$Q$11+1 -> 46214 | S33: =+Q33+$S$11 -> 46221 | T33: =+S33+$T$11 -> 46231 | U33: =+T33+$U$11+1 -> 46235 | V33: =+U33+$V$11+2 -> 46242
H34: Réalisations
A35: 12 | B35: Achat de matériels informatiques au compte de la Cellule d'Exécution des Projets du Programme Simandou 2040 | D35: 31 | E35: BND | F35: 12 | G35: AON | H35: Prévisions | I35: 46105 | J35: =+I35+$J$11 -> 46117 | K35: =+J35+$K$11 -> 46120 | L35: =+K35+$L$11+2 -> 46152 | M35: =+L35+$M$11 -> 46167 | N35: =+M35+$N$11+1 -> 46180 | O35: =+N35+$O$11 -> 46195 | P35: =+O35+$P$11 -> 46202 | Q35: =+P35+$Q$11+1 -> 46215 | S35: =+Q35+$S$11 -> 46222 | T35: =+S35+$T$11 -> 46232 | U35: =+T35+$U$11+1 -> 46236 | V35: =+U35+$V$11+2 -> 46243
H36: Réalisations
A37: 13 | B37: Autres dépenses diverses au compte de la Cellule d'Exécution des Projets du Programme Simandou 2040 | D37: 31 | E37: BND | F37: 13 | G37: AON | H37: Prévisions | I37: 46105 | J37: =+I37+$J$11 -> 46117 | K37: =+J37+$K$11 -> 46120 | L37: =+K37+$L$11+2 -> 46152 | M37: =+L37+$M$11 -> 46167 | N37: =+M37+$N$11+1 -> 46180 | O37: =+N37+$O$11 -> 46195 | P37: =+O37+$P$11 -> 46202 | Q37: =+P37+$Q$11+1 -> 46215 | S37: =+Q37+$S$11 -> 46222 | T37: =+S37+$T$11 -> 46232 | U37: =+T37+$U$11+1 -> 46236 | V37: =+U37+$V$11+2 -> 46243
H38: Réalisations
A39: 14 | B39: Frais de Réunions, Conférences au compte du Projet de Gestion durable de la réduction des Emissions dues à la déforestation et a la dégradation des forets en République de Guinée à (PGD-REDD+ ) | D39: 31 | E39: BND | F39: 14 | G39: AON | H39: Prévisions | I39: 46105 | J39: =+I39+$J$11 -> 46117 | K39: =+J39+$K$11 -> 46120 | L39: =+K39+$L$11+2 -> 46152 | M39: =+L39+$M$11 -> 46167 | N39: =+M39+$N$11+1 -> 46180 | O39: =+N39+$O$11 -> 46195 | P39: =+O39+$P$11 -> 46202 | Q39: =+P39+$Q$11+1 -> 46215 | S39: =+Q39+$S$11 -> 46222 | T39: =+S39+$T$11 -> 46232 | U39: =+T39+$U$11+1 -> 46236 | V39: =+U39+$V$11+2 -> 46243
H40: Réalisations
A41: 15 | B41: Frais de Réunions, Conférences au compte du Cabinet | D41: 31 | E41: BND | F41: 15 | G41: AON | H41: Prévisions | I41: 46105 | J41: =+I41+$J$11 -> 46117 | K41: =+J41+$K$11 -> 46120 | L41: =+K41+$L$11+2 -> 46152 | M41: =+L41+$M$11 -> 46167 | N41: =+M41+$N$11+1 -> 46180 | O41: =+N41+$O$11 -> 46195 | P41: =+O41+$P$11 -> 46202 | Q41: =+P41+$Q$11+1 -> 46215 | S41: =+Q41+$S$11 -> 46222 | T41: =+S41+$T$11 -> 46232 | U41: =+T41+$U$11+1 -> 46236 | V41: =+U41+$V$11+2 -> 46243
H42: Réalisations
A43: 16 | B43: Frais de Cérémonies et Réceptions au compte du Cabinet | D43: 31 | E43: BND | F43: 16 | G43: AON | H43: Prévisions | I43: 46105 | J43: =+I43+$J$11 -> 46117 | K43: =+J43+$K$11 -> 46120 | L43: =+K43+$L$11+2 -> 46152 | M43: =+L43+$M$11 -> 46167 | N43: =+M43+$N$11+1 -> 46180 | O43: =+N43+$O$11 -> 46195 | P43: =+O43+$P$11 -> 46202 | Q43: =+P43+$Q$11+1 -> 46215 | S43: =+Q43+$S$11 -> 46222 | T43: =+S43+$T$11 -> 46232 | U43: =+T43+$U$11+1 -> 46236 | V43: =+U43+$V$11+2 -> 46243
H44: Réalisations
A45: 17 | B45: Autres Acquisitions, Installations d'Infrastructures, Machines Et Équipements au compte du Projet de Caractérisation et de Développement d'outils d'encadrements des déchets dangereux en vue de réduction les risques de dispersion des Contaminants | D45: 31 | E45: BND | F45: 17 | G45: AOI | H45: Prévisions | I45: 46097 | J45: =+I45+$J$11 -> 46109 | K45: =+J45+$K$11+2 -> 46114 | L45: =+K45+$L$11 -> 46144 | M45: =+L45+$M$11 -> 46159 | N45: =+M45+$N$11 -> 46171 | O45: =+N45+$O$11 -> 46186 | P45: =+O45+$P$11 -> 46193 | Q45: =+P45+$Q$11 -> 46205 | S45: =+Q45+$S$11 -> 46212 | T45: =+S45+$T$11 -> 46222 | U45: =+T45+$U$11+1 -> 46226 | V45: =+U45+$V$11+2 -> 46233
H46: Réalisations
B47: Coût Total | C47: =SUM(C15:C44) -> 0
A50: MARCHES DE FOURNITURES SANS REVUE PREALABLE PAR LA DGCMP / DEMANDE DE COTATION
J51: 5 | K51: 3 | L51: 15 | M51: 5 | N51: 5 | O51: 15 | P51: 5 | Q51: 5 | S51: 3 | T51: 3 | U51: 3
A52: IDENTIFICATION DU PROJET / MARCHE | H52: Prévisions et Réalisations | I52: PHASE 1 : PROCEDURE DE CONSULTATION | M52: PHASE 2 : EVALUATION DES OFFRES | P52: PHASE 3 : CONCLUSION ET NOTIFICATION DU MARCHE | V52: PHASE 4 : EXECUTION DU MARCHE
A53: Numéro | B53: Intitulé du Projet/Marché | C53: Montant Budget GNF | D53: Code Budget | E53: Type de Financement | F53: N° Appel d'Offres | G53: Méthodes de passation | I53: Elaboration du Dossier de Consultation | J53: ANO sur le Dossier de Consultation | K53: Transmission du Dossier de Consultation | L53: Date limite dépôt Offres /ouverture des plis | M53: Ouverture / Evaluation des offres | N53: ANO sur le rapport d'évaluation | O53: Publication attribution / Notification provisoire | P53: Mise en forme du projet de contrat | Q53: ANO sur le projet de contrat | R53: Montant du Contrat | S53: Signature et Approbation du Contrat | T53: Enregistrement / Immatriculation du marché | U53: Notification du marché approuvé | V53: Date début travaux | W53: Date fin travaux
J54: 5 j | K54: 3 j | L54: 15 j | M54: 5 J | N54: 5 j | O54: 15 j | P54: 5 j | Q54: 5 j | S54: 3 j | T54: 3 j | U54: 3 ou 5 j
A55: 1 | B55: Achat de documentation au compte du Cabinet | D55: 31 | E55: BND | F55: 1 | G55: DC | H55: Prévisions | I55: 46097 | J55: =+I55+$J$51+1 -> 46103 | K55: =+J55+$K$51 -> 46106 | L55: =+K55+$L$51 -> 46121 | M55: =+L55+$M$51 -> 46126 | N55: =+M55+$N$51 -> 46131 | O55: =+N55+$O$51 -> 46146 | P55: =+O55+$P$51+1 -> 46152 | Q55: =+P55+$Q$51-1 -> 46156 | S55: =+Q55+$S$51 -> 46159 | T55: =+S55+$T$51 -> 46162 | U55: =+T55+$U$51+1 -> 46166
H56: Réalisations
A57: 2 | B57: Achat de fournitures et petits matériels de bureau au compte de la Direction Nationale de l'Assainissement et de la Qualie de Vie | D57: 31 | E57: BND | F57: 2 | G57: DC | H57: Prévisions | I57: 46097 | J57: =+I57+$J$51+1 -> 46103 | K57: =+J57+$K$51+2 -> 46108 | L57: =+K57+$L$51 -> 46123 | M57: =+L57+$M$51+1 -> 46129 | N57: =+M57+$N$51+2 -> 46136 | O57: =+N57+$O$51 -> 46151 | P57: =+O57+$P$51+1 -> 46157 | Q57: =+P57+$Q$51-1 -> 46161 | S57: =+Q57+$S$51 -> 46164 | T57: =+S57+$T$51 -> 46167 | U57: =+T57+$U$51+1 -> 46171
H58: Réalisations
A59: 3 | B59: Achat de fournitures et petits matériels de bureau au compte du Centre National de Gestion des Catastrophes et des Urgences Environnementales | D59: 31 | E59: BND | F59: 3 | G59: DC | H59: Prévisions | I59: 46097 | J59: =+I59+$J$51+2 -> 46104 | K59: =+J59+$K$51 -> 46107 | L59: =+K59+$L$51 -> 46122 | M59: =+L59+$M$51 -> 46127 | N59: =+M59+$N$51 -> 46132 | O59: =+N59+$O$51 -> 46147 | P59: =+O59+$P$51+1 -> 46153 | Q59: =+P59+$Q$51-1 -> 46157 | S59: =+Q59+$S$51 -> 46160 | T59: =+S59+$T$51 -> 46163 | U59: =+T59+$U$51+1 -> 46167
H60: Réalisations
A61: 4 | B61: Achats de Fournitures Informatiques au compte de la Direction Nationale des Foréts et de la Faune | D61: 31 | E61: BND | F61: 4 | G61: DC | H61: Prévisions | I61: 46098 | J61: =+I61+$J$51+1 -> 46104 | K61: =+J61+$K$51 -> 46107 | L61: =+K61+$L$51+2 -> 46124 | M61: =+L61+$M$51+2 -> 46131 | N61: =+M61+$N$51+2 -> 46138 | O61: =+N61+$O$51 -> 46153 | P61: =+O61+$P$51+1 -> 46159 | Q61: =+P61+$Q$51-1 -> 46163 | S61: =+Q61+$S$51 -> 46166 | T61: =+S61+$T$51 -> 46169 | U61: =+T61+$U$51+1 -> 46173
H62: Réalisations
A63: 5 | B63: Achats de Fournitures Informatiques au compte du Centre National de Gestion des Catastrophes et des Urgences Environnementales | D63: 31 | E63: BND | F63: 5 | G63: DC | H63: Prévisions | I63: 46098 | J63: =+I63+$J$51+1 -> 46104 | K63: =+J63+$K$51+1 -> 46108 | L63: =+K63+$L$51 -> 46123 | M63: =+L63+$M$51+1 -> 46129 | N63: =+M63+$N$51+2 -> 46136 | O63: =+N63+$O$51 -> 46151 | P63: =+O63+$P$51+1 -> 46157 | Q63: =+P63+$Q$51-1 -> 46161 | S63: =+Q63+$S$51 -> 46164 | T63: =+S63+$T$51 -> 46167 | U63: =+T63+$U$51+1 -> 46171
H64: Réalisations
A65: 6 | B65: Achats de Fournitures Informatiques au compte de la Direction Nationale de l'Environnement. | D65: 31 | E65: BND | F65: 6 | G65: DC | H65: Prévisions | I65: 46104 | J65: =+I65+$J$51+2 -> 46111 | K65: =+J65+$K$51 -> 46114 | L65: =+K65+$L$51 -> 46129 | M65: =+L65+$M$51 -> 46134 | N65: =+M65+$N$51 -> 46139 | O65: =+N65+$O$51 -> 46154 | P65: =+O65+$P$51+1 -> 46160 | Q65: =+P65+$Q$51-1 -> 46164 | S65: =+Q65+$S$51 -> 46167 | T65: =+S65+$T$51 -> 46170 | U65: =+T65+$U$51+1 -> 46174
H66: Réalisations
A67: 7 | B67: Achat de pré-imprimés au compte du Cabinet | D67: 31 | E67: BND | F67: 7 | G67: DC | H67: Prévisions | I67: 46104 | J67: =+I67+$J$51+1 -> 46110 | K67: =+J67+$K$51 -> 46113 | L67: =+K67+$L$51+2 -> 46130 | M67: =+L67+$M$51+2 -> 46137 | N67: =+M67+$N$51+2 -> 46144 | O67: =+N67+$O$51 -> 46159 | P67: =+O67+$P$51+1 -> 46165 | Q67: =+P67+$Q$51-1 -> 46169 | S67: =+Q67+$S$51 -> 46172 | T67: =+S67+$T$51 -> 46175 | U67: =+T67+$U$51+1 -> 46179
H68: Réalisations
A69: 8 | B69: Frais de Réunions, Conférences au compte du projet de la Conservation Biodiversité du Mont Nimba | D69: 31 | E69: BND | F69: 8 | G69: DC | H69: Prévisions | I69: 46104 | J69: =+I69+$J$51+1 -> 46110 | K69: =+J69+$K$51 -> 46113 | L69: =+K69+$L$51+2 -> 46130 | M69: =+L69+$M$51+2 -> 46137 | N69: =+M69+$N$51+2 -> 46144 | O69: =+N69+$O$51 -> 46159 | P69: =+O69+$P$51+1 -> 46165 | Q69: =+P69+$Q$51-1 -> 46169 | S69: =+Q69+$S$51 -> 46172 | T69: =+S69+$T$51 -> 46175 | U69: =+T69+$U$51+1 -> 46179
H70: Réalisations
B71: Coût Total | C71: =SUM(C55:C70) -> 0
B73: Approbation du plan de passation des marchés
B74: Autorité Approbatrice | C74: DGCMP
B76: PTF : Partenaire Technique et Financier | D76: Mode de Passation | J76: Code Marché | L76: Nature de Marché | P76: Type de Financement
B77: TDR : Terme de référence | D77: AOO | F77: Appel d'Offres Ouvert | J77: 1 | L77: Fournitures | P77: BND | Q77: Budget National et Autres Financements Intérieurs
B78: JMP : Journal des Marchés Publics | D78: AOR | F78: Appel d'Offres Restreint | J78: 2 | L78: Travaux | P78: FINEX | Q78: Financement Extérieur
B79: DAO : Dossier d’Appel d’Offres | D79: RC | F79: Reconduction | J79: 3 | L79: Prestations intellectuelles | P79: CONJOINT | Q79: Financement Conjoint
B80: DP : Demande de Proposition | D80: ED | F80: Entente Directe | J80: 4 | L80: Délégations de Service Public
B81: CPM : Commission de Passation des Marchés | D81: CR | F81: Consultation Restreinte

Sheet TRAVAUX
A1: PLAN DE PASSATION DES MARCHES
B3: Autorité contractante : | C3: Ministère de l'Environnement et du Développement Durable
B4: Exercice budgétaire: | C4: 2026
B5: Ordonnateur: | C5: Ministre
B6: Journaux de publication de référence et site Internet: | C6: Horoyah, République et Souverain
B7: Autorité approbatrice: | C7: DGCMP
A10: MARCHES DE TRAVAUX SANS PRE QUALIFICATION
J11: 12 | K11: 3 | L11: 30 | M11: 15 | N11: 12 | O11: 15 | P11: 7 | Q11: 12 | S11: 7 | T11: 10 | U11: 3 | V11: 5
A12: IDENTIFICATION DU PROJET / MARCHE | H12: Prévisions et Réalisations | I12: PHASE 1 : PROCEDURE D'APPEL D'OFFRES | M12: PHASE 2 : EVALUATION DES OFFRES | P12: PHASE 3 : CONCLUSION ET NOTIFICATION DU MARCHE | W12: PHASE 4 : EXECUTION DU MARCHE
A13: Numéro | B13: Intitulé du Projet/Marché | C13: Montant Budget GNF | D13: Code Budget | E13: Type de Financement | F13: N° Appel d'Offres | G13: Méthodes de passation | I13: Elaboration du DAO | J13: Non Objection sur DAO | K13: Publication AAO | L13: Date limite dépôt Offres /ouverture des plis | M13: Ouverture / Evaluation des offres | N13: Non Objection sur Rap. d'Evaluation | O13: Publication attribution/Notification provisoire | P13: Mise en forme du projet de contrat | Q13: Non Objection sur le projet de contrat | R13: Montant du Contrat en GNF | S13: Signature du marché | T13: Approbation du Contrat | U13: Enregistrement /Immatriculation du marché | V13: Notification du marché approuvé | W13: Date début travaux | X13: Date fin travaux
J14: 12 j | K14: 3 j | L14: 30 ou 45 j | M14: 15 j | N14: 12 j | O14: 15 J | P14: 7 j | Q14: 12 j | S14: 7 j | T14: 10 j | U14: 3 j | V14: 3 ou 5 j
A15: 1 | B15: Entretien bâtiments administratifs au compte du cabinet | D15: 31 | E15: BND | F15: 1 | G15: AON | H15: Prévisions | I15: 46097 | J15: =+I15+$J$11+2 -> 46111 | K15: =+J15+$K$11 -> 46114 | L15: =+K15+$L$11+2 -> 46146 | M15: =+L15+$M$11 -> 46161 | N15: =+M15+$N$11+1 -> 46174 | O15: =+N15+$O$11 -> 46189 | P15: =+O15+$P$11 -> 46196 | Q15: =+P15+$Q$11+1 -> 46209 | S15: =+Q15+$S$11 -> 46216 | T15: =+S15+T11 -> 46226 | U15: =T15+U11+1 -> 46230 | V15: =+U15+V11-1 -> 46234
H16: Réalisations
A17: 2 | B17: Construction de Bâtiments À Usage Administratif au compte du Projet de Réhabilitation, d'Extension et d'Equipement de la Base des Conservateur de la Nature | D17: 31 | E17: BND | F17: 2 | G17: AOI | H17: Prévisions | I17: 46097 | J17: =+I17+$J$11+2 -> 46111 | K17: =+J17+$K$11 -> 46114 | L17: =+K17+$L$11+2 -> 46146 | M17: =+L17+$M$11 -> 46161 | N17: =+M17+$N$11+1 -> 46174 | O17: =+N17+$O$11 -> 46189 | P17: =+O17+$P$11 -> 46196 | Q17: =+P17+$Q$11+1 -> 46209 | S17: =+Q17+S11 -> 46216 | T17: =+S17+T11 -> 46226 | U17: =+T17+U11+1 -> 46230 | V17: =+U17+V11+2 -> 46237
H18: Réalisations
A19: 3 | B19: Construction de Bâtiments À Usage Technique au compte du Projet de Caractérisation et de Développement d'outils d'encadrements des déchets dangereux en vue de réduction les risques de dispersion des Contaminants | D19: 31 | E19: BND | F19: 3 | G19: AON | H19: Prévisions | I19: 46097 | J19: =+I19+$J$11 -> 46109 | K19: =+J19+$K$11 -> 46112 | L19: =+K19+$L$11+2 -> 46144 | M19: =+L19+$M$11 -> 46159 | N19: =+M19+$N$11+1 -> 46172 | O19: =+N19+$O$11 -> 46187 | P19: =+O19+$P$11 -> 46194 | Q19: =+P19+$Q$11+1 -> 46207 | S19: =+Q19+S11 -> 46214 | T19: =+S19+T11 -> 46224 | U19: =+T19+U11+1 -> 46228 | V19: =+U19+V11-1 -> 46232
H20: Réalisations
A21: 4 | B21: Aménagement Forestier au compte du Projet d'Aménagement d'un espace de détente, de convivialité et à l'amélioration des ressources génétiques forestières du jardin botanique de la Camayenne, Commune de Dixinn. | D21: 31 | E21: BND | F21: 4 | G21: AON | H21: Prévisions | I21: 46098 | J21: =+I21+$J$11 -> 46110 | K21: =+J21+$K$11+2 -> 46115 | L21: =+K21+$L$11 -> 46145 | M21: =+L21+$M$11 -> 46160 | N21: =+M21+$N$11 -> 46172 | O21: =+N21+$O$11 -> 46187 | P21: =+O21+$P$11 -> 46194 | Q21: =+P21+$Q$11 -> 46206 | S21: =+Q21+S11 -> 46213 | T21: =+S21+T11 -> 46223 | U21: =+T21+U11+1 -> 46227 | V21: =+U21+V11-1 -> 46231
H22: Réalisations
A23: 5 | B23: Aménagement Forestier au compte du Programme d'Appui à la Vulnerabilite des Riverains et des Ressources Naturelles dû au Changement Climatique dans le Bassin Hydrographique de Konkouré | D23: 31 | E23: BND | F23: 5 | G23: AON | H23: Prévisions | I23: 46098 | J23: =+I23+$J$11+2 -> 46112 | K23: =+J23+$K$11 -> 46115 | L23: =+K23+$L$11+2 -> 46147 | M23: =+L23+$M$11 -> 46162 | N23: =+M23+$N$11+1 -> 46175 | O23: =+N23+$O$11 -> 46190 | P23: =+O23+$P$11 -> 46197 | Q23: =+P23+$Q$11+1 -> 46210 | S23: =+Q23+S11 -> 46217 | T23: =+S23+T11 -> 46227 | U23: =+T23+U11+1 -> 46231 | V23: =+U23+V11+2 -> 46238
H24: Réalisations
A25: 6 | B25: Aménagement Forestier au compte du Projet de Restauration de l'espace forestier degrade et deboise des zones riveraines de concessions minieres dans la Préfecture de Boffa | D25: 31 | E25: BND | F25: 6 | G25: AON | H25: Prévisions | I25: 46098 | J25: =+I25+$J$11 -> 46110 | K25: =+J25+$K$11 -> 46113 | L25: =+K25+$L$11+2 -> 46145 | M25: =+L25+$M$11 -> 46160 | N25: =+M25+$N$11+1 -> 46173 | O25: =+N25+$O$11 -> 46188 | P25: =+O25+$P$11 -> 46195 | Q25: =+P25+$Q$11+1 -> 46208 | S25: =+Q25+S11 -> 46215 | T25: =+S25+T11 -> 46225 | U25: =+T25+U11+1 -> 46229 | V25: =+U25+V11-1 -> 46233
H26: Réalisations
A27: 7 | B27: Aménagement Forestier au compte du Projet d'aménagement et de protection des écosystèmes du lac de Sonfonia dans le parc du Delta de Konkouré | D27: 31 | E27: BND | F27: 7 | G27: AON | H27: Prévisions | I27: 46104 | J27: =+I27+$J$11 -> 46116 | K27: =+J27+$K$11+2 -> 46121 | L27: =+K27+$L$11 -> 46151 | M27: =+L27+$M$11 -> 46166 | N27: =+M27+$N$11 -> 46178 | O27: =+N27+$O$11 -> 46193 | P27: =+O27+$P$11 -> 46200 | Q27: =+P27+$Q$11 -> 46212 | S27: =+Q27+S11 -> 46219 | T27: =+S27+T11 -> 46229 | U27: =+T27+U11+1 -> 46233 | V27: =+U27+V11-1 -> 46237
H28: Réalisations
A29: 8 | B29: Aménagement Forestier au compte du Projet d'Aménagement et gestion de la réserve de Biosphère de Badiar | D29: 31 | E29: BND | F29: 8 | G29: AON | H29: Prévisions | I29: 46104 | J29: =+I29+$J$11-1 -> 46115 | K29: =+J29+$K$11 -> 46118 | L29: =+K29+$L$11 -> 46148 | M29: =+L29+$M$11 -> 46163 | N29: =+M29+$N$11 -> 46175 | O29: =+N29+$O$11 -> 46190 | P29: =+O29+$P$11 -> 46197 | Q29: =+P29+$Q$11 -> 46209 | S29: =+Q29+S11 -> 46216 | T29: =+S29+T11 -> 46226 | U29: =+T29+U11+1 -> 46230 | V29: =+U29+V11-1 -> 46234
H30: Réalisations
A31: 9 | B31: Autres aménagements au compte du Restauration de l'espace forestier degrade et deboise des zones riveraines de concessions minieres dans la Préfecture de Boffa | D31: 31 | E31: BND | F31: 9 | G31: AON | H31: Prévisions | I31: 46104 | J31: =+I31+$J$11 -> 46116 | K31: =+J31+$K$11 -> 46119 | L31: =+K31+$L$11+2 -> 46151 | M31: =+L31+$M$11 -> 46166 | N31: =+M31+$N$11+1 -> 46179 | O31: =+N31+$O$11 -> 46194 | P31: =+O31+$P$11 -> 46201 | Q31: =+P31+$Q$11+1 -> 46214 | S31: =+Q31+S11 -> 46221 | T31: =+S31+T11 -> 46231 | U31: =+T31+U11+1 -> 46235 | V31: =+U31+V11-1 -> 46239
H32: Réalisations
A33: 10 | B33: Autres aménagements au compte du Projet de Gestion durable de la réduction des Emissions dues à la déforestation et a la dégradation des forets en République de Guinée à (PGD-REDD+ ) | D33: 31 | E33: BND | F33: 10 | G33: AON | H33: Prévisions | I33: 46105 | J33: =+I33+$J$11 -> 46117 | K33: =+J33+$K$11+2 -> 46122 | L33: =+K33+$L$11+2 -> 46154 | M33: =+L33+$M$11+2 -> 46171 | N33: =+M33+$N$11+2 -> 46185 | O33: =+N33+$O$11 -> 46200 | P33: =+O33+$P$11 -> 46207 | Q33: =+P33+$Q$11+1 -> 46220 | S33: =+Q33+$S$11 -> 46227 | T33: =+S33+$T$11 -> 46237 | U33: =+T33+$U$11+1 -> 46241 | V33: =+U33+$V$11-1 -> 46245
H34: Réalisations
A35: 11 | B35: Autres aménagements au compte de la Conservation Biodiversité du Mont Nimba | D35: 31 | E35: BND | F35: 11 | G35: AON | H35: Prévisions | I35: 46105 | J35: =+I35+$J$11+2 -> 46119 | K35: =+J35+$K$11 -> 46122 | L35: =+K35+$L$11+2 -> 46154 | M35: =+L35+$M$11 -> 46169 | N35: =+M35+$N$11+1 -> 46182 | O35: =+N35+$O$11 -> 46197 | P35: =+O35+$P$11 -> 46204 | Q35: =+P35+$Q$11+1 -> 46217 | S35: =+Q35+$S$11 -> 46224 | T35: =+S35+$T$11 -> 46234 | U35: =+T35+$U$11+1 -> 46238 | V35: =+U35+$V$11-1 -> 46242
H36: Réalisations
A37: 12 | B37: Autres aménagements au compte du Programme d'Appui à la Vulnerabilite des Riverains et des Ressources Naturelles dû au Changement Climatique dans le Bassin Hydrographique de Konkouré | D37: 31 | E37: BND | F37: 12 | G37: AON | H37: Prévisions | I37: 46106 | J37: =+I37+$J$11 -> 46118 | K37: =+J37+$K$11 -> 46121 | L37: =+K37+$L$11+15+1 -> 46167 | M37: =+L37+$M$11 -> 46182 | N37: =+M37+$N$11+1 -> 46195 | O37: =+N37+$O$11 -> 46210 | P37: =+O37+$P$11 -> 46217 | Q37: =+P37+$Q$11+1 -> 46230 | S37: =+Q37+$S$11 -> 46237 | T37: =+S37+$T$11 -> 46247 | U37: =+T37+$U$11+1 -> 46251 | V37: =+U37+$V$11+2 -> 46258
H38: Réalisations
A39: 13 | B39: Autres aménagements au compte du Projet d'aménagement et de protection des écosystèmes du lac de Sonfonia dans le parc du Delta de Konkouré | D39: 31 | E39: BND | F39: 13 | G39: AON | H39: Prévisions | I39: 46106 | J39: =+I39+$J$11 -> 46118 | K39: =+J39+$K$11+2 -> 46123 | L39: =+K39+$L$11+15 -> 46168 | M39: =+L39+$M$11 -> 46183 | N39: =+M39+$N$11+2 -> 46197 | O39: =+N39+$O$11+2 -> 46214 | P39: =+O39+$P$11 -> 46221 | Q39: =+P39+$Q$11+2 -> 46235 | S39: =+Q39+$S$11 -> 46242 | T39: =+S39+$T$11+1 -> 46253 | U39: =+T39+$U$11+1 -> 46257 | V39: =+U39+$V$11+1 -> 46263
H40: Réalisations
A41: 14 | B41: Autres aménagements au compte du Projet d'Aménagement et gestion de la réserve de Biosphère de Badiar | D41: 31 | E41: BND | F41: 14 | G41: AON | H41: Prévisions | I41: 46106 | J41: =+I41+$J$11+2 -> 46120 | K41: =+J41+$K$11 -> 46123 | L41: =+K41+$L$11+45 -> 46198 | M41: =+L41+$M$11 -> 46213 | N41: =+M41+$N$11+1 -> 46226 | O41: =+N41+$O$11 -> 46241 | P41: =+O41+$P$11 -> 46248 | Q41: =+P41+$Q$11+1 -> 46261 | S41: =+Q41+$S$11 -> 46268 | T41: =+S41+$T$11 -> 46278 | U41: =+T41+$U$11+1 -> 46282 | V41: =+U41+$V$11+2 -> 46289
H42: Réalisations
A43: 15 | B43: Autres aménagements au compte du Projet d'Aménagement d'un espace de détente, de convivialité et à l'amélioration des ressources génétiques forestières du jardin botanique de la Camayenne, Commune de Dixinn. | D43: 31 | E43: BND | F43: 15 | G43: AON | H43: Prévisions | I43: 46107 | J43: =+I43+$J$11 -> 46119 | K43: =+J43+$K$11 -> 46122 | L43: =+K43+$L$11+2 -> 46154 | M43: =+L43+$M$11 -> 46169 | N43: =+M43+$N$11+1 -> 46182 | O43: =+N43+$O$11 -> 46197 | P43: =+O43+$P$11 -> 46204 | Q43: =+P43+$Q$11+1 -> 46217 | S43: =+Q43+$S$11 -> 46224 | T43: =+S43+$T$11 -> 46234 | U43: =+T43+$U$11+1 -> 46238 | V43: =+U43+$V$11-1 -> 46242
H44: Réalisations
A45: 16 | B45: Installation Technique Et Agencement au compte du Projet d'Aménagement et gestion de la réserve de Biosphère de Badiar | D45: 31 | E45: BND | F45: 16 | G45: AON | H45: Prévisions | I45: 46107 | J45: =+I45+$J$11 -> 46119 | K45: =+J45+$K$11+2 -> 46124 | L45: =+K45+$L$11+15 -> 46169 | M45: =+L45+$M$11 -> 46184 | N45: =+M45+$N$11+2 -> 46198 | O45: =+N45+$O$11+2 -> 46215 | P45: =+O45+$P$11 -> 46222 | Q45: =+P45+$Q$11+2 -> 46236 | S45: =+Q45+$S$11 -> 46243 | T45: =+S45+$T$11+1 -> 46254 | U45: =+T45+$U$11+1 -> 46258 | V45: =+U45+$V$11+1 -> 46264
H46: Réalisations
A47: 17 | B47: Autres Acquisitions, Installations d'Infrastructures, Machines Et Équipements au compte du Projet de Gestion durable de la réduction des Emissions dues à la déforestation et a la dégradation des forets en République de Guinée à (PGD-REDD+ ) | D47: 31 | E47: BND | F47: 17 | G47: AON | H47: Prévisions | I47: 46108 | J47: =+I47+$J$11 -> 46120 | K47: =+J47+$K$11+2 -> 46125 | L47: =+K47+$L$11+15 -> 46170 | M47: =+L47+$M$11 -> 46185 | N47: =+M47+$N$11+1 -> 46198 | O47: =+N47+$O$11 -> 46213 | P47: =+O47+$P$11 -> 46220 | Q47: =+P47+$Q$11+1 -> 46233 | S47: =+Q47+$S$11 -> 46240 | T47: =+S47+$T$11+1 -> 46251 | U47: =+T47+$U$11+1 -> 46255 | V47: =+U47+$V$11-1 -> 46259
H48: Réalisations
A49: 18 | B49: Frais Entretien et Réparation Installations Techniques au compte du Cabinet | D49: 31 | E49: BND | F49: 18 | G49: AON | H49: Prévisions | I49: 46108 | J49: =+I49+$J$11+2 -> 46122 | K49: =+J49+$K$11 -> 46125 | L49: =+K49+$L$11+2 -> 46157 | M49: =+L49+$M$11 -> 46172 | N49: =+M49+$N$11+1 -> 46185 | O49: =+N49+$O$11 -> 46200 | P49: =+O49+$P$11 -> 46207 | Q49: =+P49+$Q$11+1 -> 46220 | S49: =+Q49+$S$11 -> 46227 | T49: =+S49+$T$11 -> 46237 | U49: =+T49+$U$11+1 -> 46241 | V49: =+U49+$V$11-1 -> 46245
H50: Réalisations
B51: Coût Total | C51: =SUM(C15:C50) -> 0
H53: MARCHES DE TRAVAUX SANS REVUE PREALABLE PAR LA DGCMP / DEMANDE DE COTATION
J54: 5 | K54: 3 | L54: 15 | M54: 5 | N54: 5 | O54: 15 | P54: 5 | Q54: 5 | S54: 3 | T54: 3 | U54: 3
A55: IDENTIFICATION DU PROJET / MARCHE | H55: Prévisions et Réalisations | I55: PHASE 1 : PROCEDURE DE CONSULTATION | M55: PHASE 2 : EVALUATION DES OFFRES | P55: PHASE 3 : CONCLUSION ET NOTIFICATION DU MARCHE | V55: PHASE 4 : EXECUTION DU MARCHE
A56: Numéro | B56: Intitulé du Projet/Marché | C56: Montant Budget GNF | D56: Code Budget | E56: Type de Financement | F56: N° Appel d'Offres | G56: Méthodes de passation | I56: Elaboration du Dossier de Consultation | J56: ANO sur le Dossier de Consultation | K56: Transmission du Dossier de Consultation | L56: Date limite dépôt Offres /ouverture des plis | M56: Ouverture / Evaluation des offres | N56: ANO sur le rapport d'évaluation | O56: Publication attribution/Notification provisoire | P56: Mise en forme du projet de contrat | Q56: ANO sur le projet de contrat | R56: Montant du Contrat | S56: Signature et Approbation du Contrat | T56: Enregistrement / Immatriculation du marché | U56: Notification du marché approuvé | V56: Date début travaux | W56: Date fin travaux
J57: 5 j | K57: 3 j | L57: 15 j | M57: 5 J | N57: 5 j | O57: 15 j | P57: 5 j | Q57: 5 j | S57: 3 j | T57: 3 j | U57: 3 ou 5 j
A58: 1 | B58: Reparation batiments administratif au compte du projet d'Aménagement d'un espace de détente, de convivialité et à l'amélioration des ressources génétiques forestières du jardin botanique de la Camayenne, Commune de Dixinn | D58: 31 | E58: BND | F58: 1 | G58: DC | H58: Prévisions | I58: 46107 | J58: =+I58+J54+1 -> 46113 | K58: =+J58+K54 -> 46116 | L58: =+K58+L54 -> 46131 | M58: =+L58+M54+1 -> 46137 | N58: =+M58+N54-1 -> 46141 | O58: =+N58+O54-1 -> 46155 | P58: =+O58+P54 -> 46160 | Q58: =+P58+Q54 -> 46165 | S58: =+Q58+S54+1 -> 46169 | T58: =+S58+T54+1 -> 46173 | U58: =+T58+U54 -> 46176
H59: Réalisations
A60: 2 | B60: Ouvrages et installation Eau au compte du projet d'aménagement et gestion de la réserve de biosphère de Badiar | D60: 31 | E60: BND | F60: 2 | G60: DC | H60: Prévisions | I60: 46107 | J60: =+I60+J54 -> 46112 | K60: =+J60+K54 -> 46115 | L60: =+K60+L54+2 -> 46132 | M60: =+L60+M54+2 -> 46139 | N60: =+M60+N54+2 -> 46146 | O60: =+N60+O54 -> 46161 | P60: =+O60+P54+1 -> 46167 | Q60: =+P60+Q54-1 -> 46171 | S60: =+Q60+S54 -> 46174 | T60: =+S60+T54 -> 46177 | U60: =+T60+U54+1 -> 46181
H61: Réalisations
A62: 3 | B62: Installation technique et agencement au compte du cabinet | D62: 31 | E62: BND | F62: 3 | G62: DC | H62: Prévisions | I62: 46107 | J62: =+I62+J54 -> 46112 | K62: =+J62+K54 -> 46115 | L62: =+K62+L54 -> 46130 | M62: =+L62+M54 -> 46135 | N62: =+M62+N54 -> 46140 | O62: =+N62+O54 -> 46155 | P62: =+O62+P54+1 -> 46161 | Q62: =+P62+Q54+2 -> 46168 | S62: =+Q62+S54 -> 46171 | T62: =+S62+T54+1 -> 46175 | U62: =+T62+U54 -> 46178
H63: Réalisations
B65: Coût Total | C65: =SUM(C58:C64) -> 0
B67: Approbation du plan de passation des marchés
B68: Autorité Approbatrice | C68: DGCMP
B70: PTF : Partenaire Technique et Financier | D70: Mode de Passation | J70: Code Marché | L70: Nature de Marché | P70: Type de Financement
B71: TDR : Terme de référence | D71: AOO | F71: Appel d'Offres Ouvert | J71: 1 | L71: Fournitures | P71: BND | Q71: Budget National et Autres Financements Intérieurs
B72: JMP : Journal des Marchés Publics | D72: AOR | F72: Appel d'Offres Restreint | J72: 2 | L72: Travaux | P72: FINEX | Q72: Financement Extérieur
B73: DAO : Dossier d’Appel d’Offres | D73: RC | F73: Reconduction | J73: 3 | L73: Prestations intellectuelles | P73: CONJOINT | Q73: Financement Conjoint
B74: DP : Demande de Proposition | D74: ED | F74: Entente Directe | J74: 4 | L74: Délégations de Service Public
B75: CPM : Commission de Passation des Marchés | D75: CR | F75: Consultation Restreinte

Sheet PRESTATIONS INTELLECTUELLES
A1: PLAN DE PASSATION DES MARCHES
B3: Autorité contractante : | C3: Ministère de l'Environnement et du Développement Durable
B4: Exercice budgétaire: | C4: 2026
B5: Ordonnateur: | C5: Ministre
B6: Journaux de publication de référence et site Internet: | C6: Horoyah, République et Souverain
B7: Autorité approbatrice: | C7: DGCMP
A10: MARCHES DE PRESTATIONS INTELLECTUELLES
J13: 12 | K13: 30 | L13: 15 | M13: 12 | N13: 7 | O13: 30 | P13: 15 | Q13: 12 | R13: 15 | S13: 12 | T13: 15 | U13: 7 | V13: 12 | X13: 7 | Y13: 10 | Z13: 3 | AA13: 5
A14: IDENTIFICATION DU PROJET/MARCHE | H14: Prévisions et Réalisations | I14: PHASE 1 : PROCEDURE DE PRESELECTION | N14: PHASE 2 : PROCEDURE DE SELECTION | U14: PHASE 2 : CONCLUSION ET NOTIFICATION DU MARCHE | AB14: PHASE 4 : EXECUTION DU MARCHE
A15: Numéro | B15: Intitulé du Projet/Marché | C15: Montant budget GNF | D15: Code Budget | E15: Type de Financement | F15: N° AMI | G15: Méthodes de paasation | I15: Préparation TDR et DP | J15: Non Objection sur TDR | K15: Publication Avis à Manifestation d'Interet (MI) | L15: Ouverture / Evaluation des MI | M15: Non Objection sur le rapport et sur DP | N15: Envoi DP aux candidats de la liste restreinte | O15: Date limite de dépôt des propoditions (tech et finan) | P15: Ouverture / Evaluation des propositions techniques | Q15: Non Objection sur rapport Prop. Techn. | R15: Ouverture /Evaluation des propositions financières | S15: Non Objection sur rapport combinée PT/PF | T15: Publication attribution /Notification provisoire | U15: Négociation et mise en forme du contrat | V15: Non Objection sur le contrat négocié | W15: Montant du Contrat en GNF | X15: Signature du marché | Y15: Approbation du Contrat | Z15: Enregistrement / Immatriculation du marché | AA15: Notification du marché approuvé | AB15: Date début Prestations | AC15: Date de fin des prestations
J16: 12 j | K16: 30 ou 45 J | L16: 15 j | M16: 12 j | N16: 3 ou 7 j | O16: 30 ou 45 j | P16: 15 j | Q16: 12j | R16: 15 j | S16: 12 j | T16: 15 j | U16: 7 j | V16: 12 j | X16: 7 j | Y16: 10 j | Z16: 3 j | AA16: 3 ou 5 j
A17: 1 | B17: Etudes au compte du Projet de Réhabilitation, d'Extension et d'Equipement de la Base des Conservateur de la DNFF | D17: 31 | E17: BND | F17: 1 | G17: AON | H17: Prévisions | I17: 46097 | J17: =I17+$J$13 -> 46109 | K17: =J17+$K$13 -> 46139 | L17: =K17+$L$13 -> 46154 | M17: =L17+$M$13 -> 46166 | N17: =M17+$N$13 -> 46173 | O17: =N17+$O$13 -> 46203 | P17: =O17+$P$13 -> 46218 | Q17: =P17+$Q$13 -> 46230 | R17: =Q17+$R$13 -> 46245 | S17: =R17+$S$13 -> 46257 | T17: =S17+$T$13 -> 46272 | U17: =T17+$U$13 -> 46279 | V17: =U17+$V$13 -> 46291 | X17: =+V17+$X$13 -> 46298 | Y17: =X17+$Y$13 -> 46308 | Z17: =Y17+$Z$13+1 -> 46312 | AA17: =Z17+$AA$13-1 -> 46316
H18: Réalisations
A19: 2 | B19: Supervision des travaux au compte du Projet d'Aménagement d'un espace de détente, de convivialité et à l'amélioration des ressources génétiques forestières du jardin botanique de la Camayenne, Commune de Dixinn. | D19: 31 | E19: BND | F19: 2 | G19: AON | H19: Prévisions | I19: 46097 | J19: =I19+$J$13 -> 46109 | K19: =J19+$K$13 -> 46139 | L19: =K19+$L$13 -> 46154 | M19: =L19+$M$13 -> 46166 | N19: =M19+$N$13 -> 46173 | O19: =N19+$O$13 -> 46203 | P19: =O19+$P$13 -> 46218 | Q19: =P19+$Q$13 -> 46230 | R19: =Q19+$R$13 -> 46245 | S19: =R19+$S$13 -> 46257 | T19: =S19+$T$13 -> 46272 | U19: =T19+$U$13 -> 46279 | V19: =U19+$V$13 -> 46291 | X19: =+V19+$X$13 -> 46298 | Y19: =X19+$Y$13 -> 46308 | Z19: =Y19+$Z$13+1 -> 46312 | AA19: =Z19+$AA$13-1 -> 46316
H20: Réalisations
A21: 3 | B21: Supervision des travaux au compte du Projet de Caractérisation et de Développement d'outils d'encadrements des déchets dangereux en vue de réduction les risques de dispersion des Contaminants | D21: 31 | E21: BND | F21: 3 | G21: AON | H21: Prévisions | I21: 46098 | J21: =I21+$J$13 -> 46110 | K21: =J21+$K$13 -> 46140 | L21: =K21+$L$13+2 -> 46157 | M21: =L21+$M$13+2 -> 46171 | N21: =M21+$N$13 -> 46178 | O21: =N21+$O$13 -> 46208 | P21: =O21+$P$13 -> 46223 | Q21: =P21+$Q$13 -> 46235 | R21: =Q21+$R$13 -> 46250 | S21: =R21+$S$13 -> 46262 | T21: =S21+$T$13 -> 46277 | U21: =T21+$U$13 -> 46284 | V21: =U21+$V$13+1 -> 46297 | X21: =+V21+$X$13 -> 46304 | Y21: =X21+$Y$13 -> 46314 | Z21: =Y21+$Z$13+1 -> 46318 | AA21: =Z21+$AA$13-1 -> 46322
H22: Réalisations
A23: 4 | B23: Etudes au compte du Projet de Gestion durable de la réduction des Emissions dues à la déforestation et a la dégradation des forets en République de Guinée à (PGD-REDD+ ) | D23: 31 | E23: BND | F23: 4 | G23: AON | H23: Prévisions | I23: 46104 | J23: =I23+$J$13 -> 46116 | K23: =J23+$K$13 -> 46146 | L23: =K23+$L$13+2 -> 46163 | M23: =L23+$M$13+2 -> 46177 | N23: =M23+$N$13 -> 46184 | O23: =N23+$O$13 -> 46214 | P23: =O23+$P$13 -> 46229 | Q23: =P23+$Q$13 -> 46241 | R23: =Q23+$R$13 -> 46256 | S23: =R23+$S$13 -> 46268 | T23: =S23+$T$13 -> 46283 | U23: =T23+$U$13 -> 46290 | V23: =U23+$V$13+1 -> 46303 | X23: =+V23+$X$13 -> 46310 | Y23: =X23+$Y$13 -> 46320 | Z23: =Y23+$Z$13+1 -> 46324 | AA23: =Z23+$AA$13-1 -> 46328
H24: Réalisations
A25: 5 | B25: Supervision des travaux au compte du Projet de Gestion durable de la réduction des Emissions dues à la déforestation et a la dégradation des forets en République de Guinée à (PGD-REDD+ ) | D25: 31 | E25: BND | F25: 5 | G25: AON | H25: Prévisions | I25: 46104 | J25: =I25+$J$13+2 -> 46118 | K25: =J25+$K$13 -> 46148 | L25: =K25+$L$13 -> 46163 | M25: =L25+$M$13 -> 46175 | N25: =M25+$N$13 -> 46182 | O25: =N25+$O$13 -> 46212 | P25: =O25+$P$13 -> 46227 | Q25: =P25+$Q$13 -> 46239 | R25: =Q25+$R$13 -> 46254 | S25: =R25+$S$13 -> 46266 | T25: =S25+$T$13 -> 46281 | U25: =T25+$U$13 -> 46288 | V25: =U25+$V$13 -> 46300 | X25: =+V25+$X$13 -> 46307 | Y25: =X25+$Y$13 -> 46317 | Z25: =Y25+$Z$13+1 -> 46321 | AA25: =Z25+$AA$13-1 -> 46325
H26: Réalisations
A27: 6 | B27: Supervision des travaux au compte du Projet de Réhabilitation, d'Extension et d'Equipement de la Base des Conservateur de la DNFF | D27: 31 | E27: BND | F27: 6 | G27: AON | H27: Prévisions | I27: 46104 | J27: =I27+$J$13+2 -> 46118 | K27: =J27+$K$13 -> 46148 | L27: =K27+$L$13 -> 46163 | M27: =L27+$M$13 -> 46175 | N27: =M27+$N$13 -> 46182 | O27: =N27+$O$13 -> 46212 | P27: =O27+$P$13 -> 46227 | Q27: =P27+$Q$13 -> 46239 | R27: =Q27+$R$13 -> 46254 | S27: =R27+$S$13 -> 46266 | T27: =S27+$T$13 -> 46281 | U27: =T27+$U$13 -> 46288 | V27: =U27+$V$13 -> 46300 | X27: =+V27+$X$13 -> 46307 | Y27: =X27+$Y$13 -> 46317 | Z27: =Y27+$Z$13+1 -> 46321 | AA27: =Z27+$AA$13+2 -> 46328
H28: Réalisations
A29: 7 | B29: Aménagement Forestier au compte du Projet de l'Inventaire Forestier National et de l'Evaluation du Stock de Carbone | D29: 31 | E29: BND | F29: 7 | G29: AOI | H29: Prévisions | I29: 46104 | J29: =I29+$J$13+2 -> 46118 | K29: =J29+$K$13 -> 46148 | L29: =K29+$L$13 -> 46163 | M29: =L29+$M$13 -> 46175 | N29: =M29+$N$13 -> 46182 | O29: =N29+$O$13 -> 46212 | P29: =O29+$P$13 -> 46227 | Q29: =P29+$Q$13 -> 46239 | R29: =Q29+$R$13 -> 46254 | S29: =R29+$S$13 -> 46266 | T29: =S29+$T$13 -> 46281 | U29: =T29+$U$13 -> 46288 | V29: =U29+$V$13 -> 46300 | X29: =+V29+$X$13 -> 46307 | Y29: =X29+$Y$13 -> 46317 | Z29: =Y29+$Z$13+1 -> 46321 | AA29: =Z29+$AA$13+2 -> 46328
H30: Réalisations
A31: 8 | B31: Etudes au compte du Projet de l'Inventaire Forestier National et de l'Evaluation du Stock de Carbone | D31: 31 | E31: BND | F31: 8 | G31: AON | H31: Prévisions | I31: 46105 | J31: =I31+$J$13 -> 46117 | K31: =J31+$K$13 -> 46147 | L31: =K31+$L$13 -> 46162 | M31: =L31+$M$13 -> 46174 | N31: =M31+$N$13 -> 46181 | O31: =N31+$O$13 -> 46211 | P31: =O31+$P$13 -> 46226 | Q31: =P31+$Q$13 -> 46238 | R31: =Q31+$R$13 -> 46253 | S31: =R31+$S$13 -> 46265 | T31: =S31+$T$13 -> 46280 | U31: =T31+$U$13 -> 46287 | V31: =U31+$V$13 -> 46299 | X31: =+V31+$X$13 -> 46306 | Y31: =X31+$Y$13 -> 46316 | Z31: =Y31+$Z$13+1 -> 46320 | AA31: =Z31+$AA$13-1 -> 46324
H32: Réalisations
A33: 9 | B33: Etudes au compte du Projet d’aménagement des forêts urbaines et péri-urbaines à des fins écologiques, récréatives, touristiques et culturelles | D33: 31 | E33: BND | F33: 9 | G33: AON | H33: Prévisions | I33: 46105 | J33: =I33+$J$13 -> 46117 | K33: =J33+$K$13 -> 46147 | L33: =K33+$L$13+2 -> 46164 | M33: =L33+$M$13+2 -> 46178 | N33: =M33+$N$13 -> 46185 | O33: =N33+$O$13 -> 46215 | P33: =O33+$P$13 -> 46230 | Q33: =P33+$Q$13 -> 46242 | R33: =Q33+$R$13 -> 46257 | S33: =R33+$S$13 -> 46269 | T33: =S33+$T$13 -> 46284 | U33: =T33+$U$13 -> 46291 | V33: =U33+$V$13+1 -> 46304 | X33: =+V33+$X$13 -> 46311 | Y33: =X33+$Y$13 -> 46321 | Z33: =Y33+$Z$13+1 -> 46325 | AA33: =Z33+$AA$13-1 -> 46329
H34: Réalisations
A35: 10 | B35: Levée/Cartographie au compte du projet de restauration de l'espace forestier dégradé et deboisé des zones riveraines de concéssions minières dans la préfecture de Boffa | D35: 31 | E35: BND | F35: 10 | G35: AON | H35: Prévisions | I35: 46106 | J35: =I35+$J$13+2 -> 46120 | K35: =J35+$K$13 -> 46150 | L35: =K35+$L$13 -> 46165 | M35: =L35+$M$13 -> 46177 | N35: =M35+$N$13 -> 46184 | O35: =N35+$O$13 -> 46214 | P35: =O35+$P$13 -> 46229 | Q35: =P35+$Q$13 -> 46241 | R35: =Q35+$R$13 -> 46256 | S35: =R35+$S$13 -> 46268 | T35: =S35+$T$13 -> 46283 | U35: =T35+$U$13 -> 46290 | V35: =U35+$V$13 -> 46302 | X35: =+V35+$X$13 -> 46309 | Y35: =X35+$Y$13 -> 46319 | Z35: =Y35+$Z$13+1 -> 46323 | AA35: =Z35+$AA$13+2 -> 46330
H36: Réalisations
A37: 11 | B37: Frais formation, seminaire et stage au compte du Cabinet | D37: 31 | E37: BND | F37: 11 | G37: AON | H37: Prévisions | I37: 46106 | J37: =I37+$J$13+2 -> 46120 | K37: =J37+$K$13 -> 46150 | L37: =K37+$L$13 -> 46165 | M37: =L37+$M$13 -> 46177 | N37: =M37+$N$13 -> 46184 | O37: =N37+$O$13 -> 46214 | P37: =O37+$P$13 -> 46229 | Q37: =P37+$Q$13 -> 46241 | R37: =Q37+$R$13 -> 46256 | S37: =R37+$S$13 -> 46268 | T37: =S37+$T$13 -> 46283 | U37: =T37+$U$13 -> 46290 | V37: =U37+$V$13 -> 46302 | X37: =+V37+$X$13 -> 46309 | Y37: =X37+$Y$13 -> 46319 | Z37: =Y37+$Z$13+1 -> 46323 | AA37: =Z37+$AA$13-1 -> 46327
H38: Réalisations
A39: 12 | B39: Frais de Formations,Séminaires et Stages au compte du projet Conservation Biodiversité du Mont Nimba | D39: 31 | E39: BND | F39: 12 | G39: AON | H39: Prévisions | I39: 46106 | J39: =I39+$J$13+2 -> 46120 | K39: =J39+$K$13 -> 46150 | L39: =K39+$L$13 -> 46165 | M39: =L39+$M$13 -> 46177 | N39: =M39+$N$13 -> 46184 | O39: =N39+$O$13 -> 46214 | P39: =O39+$P$13 -> 46229 | Q39: =P39+$Q$13 -> 46241 | R39: =Q39+$R$13 -> 46256 | S39: =R39+$S$13 -> 46268 | T39: =S39+$T$13 -> 46283 | U39: =T39+$U$13 -> 46290 | V39: =U39+$V$13 -> 46302 | X39: =+V39+$X$13 -> 46309 | Y39: =X39+$Y$13 -> 46319 | Z39: =Y39+$Z$13+1 -> 46323 | AA39: =Z39+$AA$13-1 -> 46327
H40: Réalisations
A41: 13 | B41: Frais de Formations,Séminaireset Stages au compte du Projet de Gestion durable de la réduction des Emissions dues à la déforestation et a la dégradation des forets en République de Guinée à (PGD-REDD+ ) | D41: 31 | E41: BND | F41: 13 | G41: AON | H41: Prévisions | I41: 46106 | J41: =I41+$J$13+2 -> 46120 | K41: =J41+$K$13 -> 46150 | L41: =K41+$L$13 -> 46165 | M41: =L41+$M$13 -> 46177 | N41: =M41+$N$13 -> 46184 | O41: =N41+$O$13 -> 46214 | P41: =O41+$P$13 -> 46229 | Q41: =P41+$Q$13 -> 46241 | R41: =Q41+$R$13 -> 46256 | S41: =R41+$S$13 -> 46268 | T41: =S41+$T$13 -> 46283 | U41: =T41+$U$13 -> 46290 | V41: =U41+$V$13 -> 46302 | X41: =+V41+$X$13 -> 46309 | Y41: =X41+$Y$13 -> 46319 | Z41: =Y41+$Z$13+1 -> 46323 | AA41: =Z41+$AA$13-1 -> 46327
H42: Réalisations
A43: 14 | B43: Frais de Formations,Séminaires et Stages au compte du Projet de l'Inventaire Forestier National et de l'Evaluation du Stock de Carbone | D43: 31 | E43: BND | F43: 14 | G43: AON | H43: Prévisions | I43: 46106 | J43: =I43+$J$13+2 -> 46120 | K43: =J43+$K$13 -> 46150 | L43: =K43+$L$13 -> 46165 | M43: =L43+$M$13 -> 46177 | N43: =M43+$N$13 -> 46184 | O43: =N43+$O$13 -> 46214 | P43: =O43+$P$13 -> 46229 | Q43: =P43+$Q$13 -> 46241 | R43: =Q43+$R$13 -> 46256 | S43: =R43+$S$13 -> 46268 | T43: =S43+$T$13 -> 46283 | U43: =T43+$U$13 -> 46290 | V43: =U43+$V$13 -> 46302 | X43: =+V43+$X$13 -> 46309 | Y43: =X43+$Y$13 -> 46319 | Z43: =Y43+$Z$13+1 -> 46323 | AA43: =Z43+$AA$13-1 -> 46327
H44: Réalisations
C45: =+SUM(C17:C44) -> 0
B47: Approbation du plan de passation des marchés
B48: Autorité Approbatrice | C48: DGCMP
B50: PTF : Partenaire Technique et Financier | D50: Mode de Passation | J50: Code Marché | L50: Nature de Marché | P50: Type de Financement
B51: TDR : Terme de référence | D51: AOO | F51: Appel d'Offres Ouvert | J51: 1 | L51: Fournitures | P51: BND | Q51: Budget National et Autres Financements Intérieurs
B52: JMP : Journal des Marchés Publics | D52: AOR | F52: Appel d'Offres Restreint | J52: 2 | L52: Travaux | P52: FINEX | Q52: Financement Extérieur
B53: DAO : Dossier d’Appel d’Offres | D53: RC | F53: Reconduction | J53: 3 | L53: Prestations intellectuelles | P53: CONJOINT | Q53: Financement Conjoint
B54: DP : Demande de Proposition | D54: ED | F54: Entente Directe | J54: 4 | L54: Délégations de Service Public
B55: CPM : Commission de Passation des Marchés | D55: CR | F55: Consultation Restreinte
A58: PLAN DE PASSATION DES MARCHES
B60: Autorité contractante : | C60: Ministère de l'Environnement et du Développement Durable
B61: Exercice budgétaire: | C61: 2026
B62: Ordonnateur: | C62: Ministre
B63: Journaux de publication de référence et site Internet: | C63: Horoyah, République et Souverain
B64: Autorité approbatrice: | C64: DGCMP
A66: MARCHES DE PRESTATIONS INTELLECTUELLES SANS REVUE PREALABLE PAR LA DGCMP / DEMANDE DE COTATION
A68: IDENTIFICATION DU PROJET/MARCHE | H68: Prévisions et Réalisations | I68: PREALABLE | J68: PHASE 1 : PROCEDURE DE CONSULTATION | M68: PHASE 2 : EVALUATION DES OFFRES | Q68: PHASE 3: CONCLUSION ET NOTIFICATION DU MARCHE | V68: PHASE 4 : EXECUTION DU MARCHE
A69: Numéro | B69: Intitulé du Projet/Marché | C69: Montant budget en GNF | D69: Code Budget | E69: Type de Financement | F69: Méthodes de paasation | G69: N° AMI | I69: Elaboration des TDR | J69: Non Objection sur les TDR et la liste restreinte | K69: Envoi Lettres d'invitation | L69: Date limite dépôt des Propositions techniques et financières. | M69: Ouverture et Evaluation des Prop. Techn. | N69: Non Objection sur rapport PT | O69: Ouverture /Analyse de la proposition financière | P69: ANO sur le rapport combiné | Q69: Négociation et mise en forme du contrat | R69: ANO sur le projet de contrat | S69: Montant du Contrat en GNF | T69: Signature et Approbation du Contrat | U69: Enregistrement /Immatriculation et notification du marché | V69: Date début Prestations | W69: Date de fin des prestations
J70: 5 j | K70: 1 j | L70: 15 j | M70: 5 j | N70: 5j | O70: 5 j | P70: 5 j | Q70: 5 j | R70: 5 j | T70: 3 j | U70: 3 ou 5 j
A71: 1 | B71: Supervision des travaux au compte du Projet d'Aménagement et gestion de la réserve de Biosphère de Badiar | D71: 31 | E71: BND | F71: DC | G71: 1 | H71: Prévisions | I71: 46148 | J71: =IF(I71="","",(DATE(YEAR(I71),MONTH(I71),DAY(I71)+12))) -> 46160 | K71: =IF(J71="","",(DATE(YEAR(J71),MONTH(J71),DAY(J71)+3))) -> 46163 | L71: =IF(K71="","",(DATE(YEAR(K71),MONTH(K71),DAY(K71)+IF(OR(G71="Appel d’offre International Restreint",G71="Appel d’offres Internationale Ouvert"),45,30)))) -> 46193 | M71: =IF(L71="","",(DATE(YEAR(L71),MONTH(L71),DAY(L71)+15))) -> 46208 | N71: =IF(M71="","",(DATE(YEAR(M71),MONTH(M71),DAY(M71)+12))) -> 46220 | O71: =IF(N71="","",(DATE(YEAR(N71),MONTH(N71),DAY(N71)+15))) -> 46235 | P71: =IF(O71="","",(DATE(YEAR(O71),MONTH(O71),DAY(O71)+7))) -> 46242 | Q71: =IF(P71="","",(DATE(YEAR(P71),MONTH(P71),DAY(P71)+12))) -> 46254 | R71: =IF(Q71="","",(DATE(YEAR(Q71),MONTH(Q71),DAY(Q71)+7))) -> 46261 | S71: =IF(R71="","",(DATE(YEAR(R71),MONTH(R71),DAY(R71)+10))) -> 46271 | T71: =IF(S71="","",(DATE(YEAR(S71),MONTH(S71),DAY(S71)+3))) -> 46274 | U71: =IF(T71="","",(DATE(YEAR(T71),MONTH(T71),DAY(T71)+IF(OR(G71="Appel d’offre International Restreint",G71="Appel d’offres Internationale Ouvert"),5,3)))) -> 46277
H72: Réalisations
B73: Coût Total | C73: =SUM(C71:C72) -> 0

Sheet RECAP
A2: Montant Total des Marchés
B4: TYPE DE MARCHES | C4: FOURNITURES | D4: TRAVAUX | E4: PRESTATIONS INTELLECTUELLES
B6: MONTANT TOTAL DC | C6: =FOURNITURES!C71 -> 0 | D6: =TRAVAUX!C65 -> 0 | E6: ='PRESTATIONS INTELLECTUELLES'!C73 -> 0
B8: MONTANT TOTAL (DAO) | C8: =FOURNITURES!C47 -> 0 | E8: ='PRESTATIONS INTELLECTUELLES'!C45 -> 0
B10: Somme | C10: =+C6+C8 -> 0 | D10: =D8+D6 -> 0 | E10: =+E6+E8 -> 0
B12: Total | C12: =+C10+D10+E10 -> 0
